 Dungeon Crawl Stone Soup version 0.22.1-1-ga44c0e5 (webtiles) character file.

102 roasted the Skirmisher (level 4, -2/49 HPs)
             Began as an Ogre Berserker on Oct 7, 2018.
             Was a Believer of Trog.
             Killed from afar by an orc wizard (5 damage)
             ... with a puff of flame
             ... on level 3 of the Dungeon.
             The game lasted 00:15:59 (1822 turns).

roasted the Skirmisher (Ogre Berserker)             Turns: 1822, Time: 00:16:00

Health: -2/49      AC:  5    Str: 22    XL:     4   Next: 77%
Magic:  4/4        EV: 10    Int: 11    God:    Trog [**....]
Gold:   181        SH:  0    Dex:  8    Spells: 3/3 levels left

rFire    + . .     SeeInvis .   l - +2 long sword (slice)
rCold    + . .     Gourm    +   (no shield)
rNeg     . . .     Faith    .   b - +0 animal skin
rPois    +         Spirit   .   o - +2 hat
rElec    +         Reflect  .   (no cloak)
rCorr    +         Harm     .   (gloves unavailable)
MR       .....                  (boots unavailable)
Stlth    +.........             j - amulet of the gourmand
HPRegen  0.16/turn              h - +3 ring of intelligence
MPRegen  0.09/turn              (no ring)

@: resistant
A: large, unfitting armour, tough skin 1
a: Berserk, Trog's Hand, Renounce Religion


You were on level 3 of the Dungeon.
You worshipped Trog.
Trog was pleased with you.
You were very full.

You visited 1 branch of the dungeon, and saw 3 of its levels.

You collected 181 gold pieces.

Inventory:

Hand Weapons
 a - a +0 mace
 g - a +1 dagger of electrocution
 l - a +2 long sword of slicing (weapon)
Armour
 b - a +0 animal skin (worn)
 k - a cursed +0 leather armour
 o - a +2 hat (worn)
Jewellery
 h - a +3 ring of intelligence (left hand)
 j - an amulet of the gourmand (around neck)
Scrolls
 p - a scroll of remove curse
Potions
 d - a potion of lignification {unknown}
 e - a potion of haste {unknown}
 i - 2 potions of resistance
 m - 2 potions of agility {unknown}
 n - a potion of ambrosia {unknown}
Comestibles
 c - 7 rations


   Skills:
 + Level 4.8 Fighting
 + Level 1.1 Short Blades
 + Level 3.3 Maces & Flails
 + Level 3.5 Dodging
 + Level 0.2 Stealth


You had 3 spell levels left.
You didn't know any spells.
Your spell library contained the following spells:

 Spells                   Type           Power        Failure   Level  Hunger
 Magic Dart               Conj           #...         34%         1    ##.....
 Blink                    Tloc           N/A          47%         2    ###....
 Call Imp                 Summ           #.......     47%         2    ###....
 Slow                     Hex            #.......     47%         2    ###....
 Conjure Flame            Conj/Fire      #.......     71%         3    ####...
 Mephitic Cloud           Conj/Pois/Air  #.......     71%         3    ####...


Dungeon Overview and Level Annotations

Branches:
Dungeon (3/15)

Altars:
Qazlal


Innate Abilities, Weirdness & Mutations

You are too large for most types of armour.
You have tough skin. (AC +1)


Message History

You feel better.
The orc wizard gestures at you while chanting.
The puff of flame hits you!
* * * LOW HITPOINT WARNING * * *
The orc hits you from afar with a trident.
* * * LOW HITPOINT WARNING * * *
The orc wizard looks braver for a moment.
You feel protected. The orc wizard hits you with a dagger.
* * * LOW HITPOINT WARNING * * *
The orc hits you from afar with a trident.
* * * LOW HITPOINT WARNING * * *
The orc wizard points at you and mumbles some strange words.
The puff of flame hits you! You resist.
* * * LOW HITPOINT WARNING * * *
You hit the orc wizard.
The orc wizard is severely wounded.
The orc wizard gestures at you while chanting.
The puff of flame hits you! You resist.
You die...

####....##.#.# #..
........###.#####.#
##............##.#
###..............#
.....>......#.##.## .
..###.###.###.###o###....
..# ### #.# #.##.........
..# #.###.##o###.#... ..#
#...#.##@# #.# .( ..#
#.#.#.##.# #.## #..# ..#
#.#.#....# #.## #.#.##
..#######.#.#.####
#..###.#...#
..........#.#..# #.#...
#...# .#####.####.##.#
#.##.###...## .### #.#
##.##.######.##.........
...#
#.###....†..................
##.#
#......##.######.###).......


You could see an orc wizard and an orc.

Vanquished Creatures
  A worker ant zombie (D:2)
  An adder (D:2)
  An ooze (D:1)
  4 dart slugs
  4 worms
  A leopard gecko (D:2)
  An orc (D:3)
  10 bats
  5 giant cockroaches
  7 goblins
  4 hobgoblins
  2 ball pythons (D:1)
  5 frilled lizards
  9 kobolds
  3 rats
58 creatures vanquished.

Notes
Turn   | Place    | Note
-------+----------+-------------------------------------------
     0 | D:1      | roasted the Ogre Berserker began the quest for the Orb.
     0 | D:1      | Reached XP level 1. HP: 24/24 MP: 1/1
    50 | D:1      | Reached XP level 2. HP: 24/32 MP: 2/2
   255 | D:1      | Reached XP level 3. HP: 34/40 MP: 3/3
   578 | D:2      | Reached ** piety under Trog
   931 | D:2      | Reached XP level 4. HP: 22/49 MP: 4/4
  1461 | D:3      | Found a stormy altar of Qazlal.
  1791 | D:3      | Reached skill level 1 in Short Blades
  1822 | D:3      | Killed from afar by an orc wizard

Skill      XL: |  1  2  3  4 |
---------------+-------------+-----
Maces & Flails | 3 |  3.3
Dodging        | 3 |  3.5
Short Blades   | 1 |  1.1
Fighting       | |  4.8
Stealth        | |  0.2

Action                   |  1- 3 |  4- 6 || total
-------------------------+-------+-------++-------
Melee: Mace              |    42 |       ||    42
       Dagger            |    76 |    13 ||    89
       Long sword        |       |    42 ||    42
  Use: Scroll            |     3 |     3 ||     6
       Potion            |     2 |     3 ||     5
  Eat: Chunk             |     4 |     8 ||    12
Armor: Animal skin       |    52 |    22 ||    74
Dodge: Dodged            |    83 |    30 ||   113
       Rpst.: Long sword |       |     7 ||     7
